 Dungeon Crawl Stone Soup version 0.30-b1-5-g8e6c1be481 (webtiles) character file.

Game seed: 14984122229827661697

21441 meatpath the Fighter (level 12, 0/118 HPs)
             Began as a Minotaur Berserker on May 3, 2023.
             Was a High Priest of Trog.
             Slain by a death yak (14 damage)
             ... on level 2 of the Lair of Beasts on May 4, 2023.
             The game lasted 00:29:13 (12910 turns).

meatpath the Fighter (Minotaur Berserker)          Turns: 12910, Time: 00:29:14

Health: 0/118      AC: 21    Str: 24    XL:     12   Next: 54%
Magic:  11/11      EV:  8    Int:  6    God:    Trog [*****.]
Gold:   1337       SH:  5    Dex: 11    Spells: 11/11 levels left

rFire   . . .        J - +2 scimitar (flame)
rCold   . . .        (no shield)
rNeg    . . .        l - +0 plate armour
rPois   .            (helmet restricted)
rElec   .            i - +0 cloak
rCorr   .            e - +0 pair of gloves
SInv    .            b - +0 pair of boots
Will    .....        u - amulet of reflection Stlth
                     (no ring)
HPRegen 0.39/turn    (no ring)
MPRegen 0.12/turn

%: reflection
@: on berserk cooldown
A: horns 2, retaliatory headbutt
a: Renounce Religion, Berserk, Trog's Hand, Brothers in Arms


You were on level 2 of the Lair of Beasts.
You worshipped Trog.
Trog was extremely pleased with you.
You visited 2 branches of the dungeon, and saw 13 of its levels.

You collected 1337 gold pieces.

Inventory:

Hand Weapons
 c - a +0 war axe
 F - a -2 demon whip of venom
 J - a +2 scimitar of flaming (weapon)
Armour
 b - a +0 pair of boots (worn)
 e - a +0 pair of gloves (worn)
 i - a +0 cloak (worn)
 l - a +0 plate armour (worn)
Jewellery
 u - an amulet of reflection (around neck)
 z - a +6 ring of intelligence
 D - an amulet of guardian spirit
Wands
 t - a wand of roots (7)
 w - a wand of polymorph (4)
 y - a wand of digging (10)
 C - a wand of flame (6)
 I - a wand of paralysis (5)
Scrolls
 a - 6 scrolls of teleportation
 h - 3 scrolls of magic mapping
 o - 3 scrolls of poison
 p - a scroll of butterflies
 q - 2 scrolls of fear
 r - 3 scrolls of enchant weapon
 s - a scroll of enchant armour {unknown}
 v - a scroll of blinking {unknown}
 B - 3 scrolls of fog
 G - a scroll of brand weapon {unknown}
 H - a scroll of torment {unknown}
Potions
 d - 2 potions of might {unknown}
 f - 8 potions of lignification
 g - a potion of heal wounds {unknown}
 j - 2 potions of cancellation {unknown}
 k - a potion of resistance {unknown}
 m - 4 potions of attraction
 n - 4 potions of flight {unknown}
 x - 2 potions of mutation {unknown}
 A - 2 potions of curing
Miscellaneous
 E - a lightning rod (4/4)


   Skills:
 + Level 14.9 Fighting
 + Level 14.8 Axes
 + Level 14.6 Armour
 - Level 2.6 Dodging


You had 11 spell levels left.
You didn't know any spells.
Your spell library was empty.

Dungeon Overview and Level Annotations

Branches:
Dungeon (11/15)            Temple (0/1) D:5            Lair (2/5) D:8
    Orc (0/2) D:9
  Swamp: Lair:2-3    Shoals: Lair:2-3     Snake: Lair:2-3    Spider: Lair:2-3

Altars:
Cheibriados
Dithmenos
Elyvilon
Gozag
Makhleb
Nemelex Xobeh
Okawaru
Qazlal
Ru
Trog
Vehumet
Yredelemnul
The Shining One

Shops:
D:2 [   D:5 :

Annotations:
D:8 2 transporters, Silvore's ghost, novice MiFi
Lair:1 2 transporters


Innate Abilities, Weirdness & Mutations

You have a pair of horns on your head.
You reflexively headbutt those who attack you in melee.


Message History

The death yak gores you. The death yak gores you!!
You slash the death yak! You burn the death yak!
The death yak is severely wounded.
The death yak gores you but does no damage.
You block the death yak's attack.
You slash the death yak! You burn the death yak. You headbutt the death yak.
The death yak is almost dead.
You feel yourself speed up. The death yak gores you! x2
You are too injured to fight recklessly!
You are too injured to fight recklessly!
You are too injured to fight recklessly!
You are too injured to fight recklessly!
You are too injured to fight recklessly!
You slash the death yak! You burn the death yak.
You kill the death yak!
Trog accepts your kill. Trog grants you a weapon!
Something appears at your feet!
You see here a +4 battleaxe of flaming.
You hit the death yak. You burn the death yak. You headbutt the death yak.
The death yak is lightly wounded.
The death yak gores you!!
* * * LOW HITPOINT WARNING * * *
The death yak gores you but does no damage.
You hit the death yak but do no damage.
The death yak is lightly wounded.
The death yak gores you.
* * * LOW HITPOINT WARNING * * *
You hit the death yak. You burn the death yak. You headbutt the death yak!
The death yak is moderately wounded.
The death yak gores you.
* * * LOW HITPOINT WARNING * * *
The death yak barely misses you. You furiously retaliate!
You headbutt the death yak!
Unknown command.
You barely miss the death yak.
You headbutt the death yak, but do no damage.
The death yak is moderately wounded.
The death yak gores you!
You die...

#....## ##....#######
#.....#P#.#P##.
##.............
#P..Y..........
##.............
##.....#.######
#......##### #####
##.....# #@######.#.##
#....#####Y##..##..P######
#....YY.Y.Y...............
##........................
#........................
#...P#.######...#........
#...###########.##.......
#...##..##..###.##.......
#........................


You could see 2 death yaks.

Vanquished Creatures
  Harold (D:10)
  A hydra (Lair:2)
  4 death yaks (Lair:2)
  Erica (Lair:2)
  Amaemon (D:9)
  Lodul (D:11)
  2 cyclopes (D:11)
  6 elephants (Lair:1)
  Maurice (D:8)
  A gargoyle (D:11)
  Joseph (D:8)
  A cane toad (Lair:2)
  An orange demon (D:9)
  A komodo dragon (D:10)
  An unseen horror (D:11)
  A troll (D:10)
  Prince Ribbit (D:8)
  A hornet (D:10)
  3 blink frogs (Lair:1)
  Grinder (D:4)
  2 vampires
  A wraith (D:11)
  31 yaks
  2 basilisks (Lair:1)
  A steam dragon (D:6)
  7 vampire mosquitoes
  2 orc warriors
  A sky beast (D:6)
  A black bear (D:6)
  8 ogres
  7 centaurs
  5 kobold brigands
  A phantom (D:6)
  10 bullfrogs
  2 scorpions (D:5)
  5 wights (D:7)
  3 howler monkeys
  9 orc priests
  2 hounds
  4 iguanas
  A sleepcap (D:7)
  11 orc wizards
  3 gnolls (D:3)
  8 adders
  A white imp (D:6)
  An ufetubus (D:5)
  2 worms
  5 dart slugs
  25 orcs
  3 bats
  7 endoplasms
  7 giant cockroaches
  5 goblins
  6 hobgoblins
  4 jackals (D:1)
  21 kobolds
  2 quokkas
  4 ball pythons
  5 frilled lizards
  3 rats
259 creatures vanquished.

Vanquished Creatures (others)
  2 plants
2 creatures vanquished.

Grand Total: 261 creatures vanquished

Notes
Turn   | Place    | Note
-------+----------+-------------------------------------------
     0 | D:1      | meatpath the Minotaur Berserker began the quest for the
                  | Orb.
     0 | D:1      | Reached XP level 1. HP: 19/19 MP: 0/0
   103 | D:1      | Reached XP level 2. HP: 27/27 MP: 1/1
   745 | D:1      | Reached XP level 3. HP: 26/33 MP: 2/2
  1016 | D:2      | Reached ** piety under Trog
  1090 | D:2      | Found a faded altar of an unknown god.
  1572 | D:2      | Found Leyfuheo's Antique Armour Boutique.
  1894 | D:3      | Reached XP level 4. HP: 41/41 MP: 3/3
  2245 | D:4      | Found a burning altar of Makhleb.
  2246 | D:4      | Found an iron altar of Okawaru.
  2246 | D:4      | Found a shadowy altar of Dithmenos.
  2246 | D:4      | Found a sacrificial altar of Ru.
  2247 | D:4      | Found a snail-covered altar of Cheibriados.
  2247 | D:4      | Found an opulent altar of Gozag.
  2249 | D:4      | Found a stormy altar of Qazlal.
  2249 | D:4      | Found a bloodstained altar of Trog.
  2251 | D:4      | Found a radiant altar of Vehumet.
  2252 | D:4      | Found a glowing golden altar of the Shining One.
  2252 | D:4      | Found a sparkling altar of Nemelex Xobeh.
  2470 | D:4      | Reached skill level 5 in Fighting
  2486 | D:4      | Reached XP level 5. HP: 32/48 MP: 4/4
  2644 | D:4      | Reached skill level 5 in Axes
  2796 | D:4      | Noticed Grinder
  2808 | D:4      | Paralysed by Grinder for 5 turns
  2819 | D:4      | Killed Grinder
  2820 | D:4      | Reached skill level 5 in Armour
  2820 | D:4      | Reached XP level 6. HP: 57/57 MP: 5/5
  3228 | D:5      | Entered Level 5 of the Dungeon
  3259 | D:5      | Reached XP level 7. HP: 54/64 MP: 3/6
  3361 | D:5      | Reached *** piety under Trog
  3458 | D:5      | Found Nicsiz's Book Boutique.
  3859 | D:5      | Found a staircase to the Ecumenical Temple.
  4220 | D:6      | Reached XP level 8. HP: 68/73 MP: 7/7
  4370 | D:6      | Found a white marble altar of Elyvilon.
  4472 | D:6      | Found a sand-covered staircase.
  4472 | D:6      | You fall into a shaft and drop 3 floors!
  4743 | D:9      | Reached XP level 9. HP: 83/83 MP: 8/8
  4853 | D:9      | Noticed an orange demon
  4888 | D:9      | Killed an orange demon
  4971 | D:9      | Noticed Amaemon
  5098 | D:9      | Found a staircase to the Orcish Mines.
  5127 | D:8      | Reached skill level 10 in Fighting
  5132 | D:8      | Reached **** piety under Trog
  5134 | D:8      | Reached skill level 10 in Axes
  5137 | D:7      | Found the +4 robe of Augmentation {Str+4 Int+4 Dex+4}
  5585 | D:6      | Reached skill level 10 in Armour
  5658 | D:6      | Found a basalt altar of Yredelemnul.
  5784 | D:7      | Reached XP level 10. HP: 93/94 MP: 9/9
  5860 | D:7      | Found the +1 cloak of Starlight {*Dazzle EV+4 Stlth--}
  6307 | D:8      | Found a staircase to the Lair.
  6327 | D:8      | Noticed Prince Ribbit
  6330 | D:8      | Found a transporter.
  6366 | D:8      | Killed Prince Ribbit
  6411 | D:8      | Noticed Maurice
  6421 | D:8      | Killed Maurice
  6458 | D:8      | Noticed a white ugly thing
  6458 | D:8      | Noticed a cyclops
  6459 | D:8      | Noticed Silvore's ghost (novice MiFi)
  6459 | D:8      | Noticed a cyclops
  6690 | D:8      | Noticed Joseph
  6724 | D:8      | Killed Joseph
  6926 | D:8      | Found a transporter.
  6929 | D:8      | Noticed a two-headed ogre
  7405 | D:9      | Killed Amaemon
  7569 | D:9      | HP: 3/97 [something (18)]
  7577 | D:9      | HP: 6/145 [something (12)]
  7583 | D:9      | HP: 3/145 [something (3)]
  8110 | D:10     | Entered Level 10 of the Dungeon
  8299 | D:10     | Reached ***** piety under Trog
  8300 | D:10     | Reached XP level 11. HP: 56/105 MP: 10/10
  8936 | D:10     | Noticed Harold
  8951 | D:10     | Killed Harold
  9476 | D:11     | Noticed Lodul
  9648 | D:11     | Killed Lodul
 11145 | Lair:1   | Entered Level 1 of the Lair of Beasts
 11355 | Lair:1   | Found a transporter.
 11691 | Lair:1   | Reached XP level 12. HP: 117/117 MP: 11/11
 12021 | Lair:1   | Found a transporter.
 12150 | Lair:1   | Found a stormy altar of Qazlal.
 12394 | Lair:1   | Identified the +4 leather armour "Dugulian" {rN+ Slay+6}
 12418 | Lair:2   | Noticed Erica
 12426 | Lair:2   | Killed Erica
 12457 | Lair:2   | Noticed a four-headed hydra
 12467 | Lair:2   | Killed a one-headed hydra
 12783 | Lair:2   | Noticed a death yak
 12783 | Lair:2   | Noticed a death yak
 12813 | Lair:2   | Killed a death yak
 12860 | Lair:2   | Noticed a death yak
 12875 | Lair:2   | Noticed a death yak
 12875 | Lair:2   | Noticed a death yak
 12875 | Lair:2   | Noticed a death yak
 12887 | Lair:2   | Killed a death yak
 12891 | Lair:2   | Killed a death yak
 12906 | Lair:2   | Killed a death yak
 12906 | Lair:2   | Received a gift from Trog
 12910 | Lair:2   | Slain by a death yak

Illustrated notes

Levels and vault maps discovered:
D:1:      onia_arrival_pyramid, layout_loops_corners, minmay_crystal_room,
          chequers_serial_rivers_small_3, minivault_24,
          chequers_serial_rivers_micro_d
D:2:      layout_basic, serial_shops, shop, basic_ecumenical_altar
D:3:      layout_rooms
D:4:      layout_loops_corners, nicolae_overflows_in_rows, uniq_grinder
D:5:      layout_basic, temple_green, serial_shops, shop_fountains,
          minmay_joined_circles
D:6:      layout_basic, kennysheep_ying_yang, nicolae_ossuary_entry_ruins,
          kennysheep_small_square
D:7:      nicolae_BIG_FREAKIN_CUBE, layout_cave_pools, enter_bailey_2,
          david_defended_altar_orc
D:8:      layout_cave_pools, lair_entry_dummy, nzn_ghost_randoct,
          uniq_prince_ribbit1, uniq_maurice, uniq_joseph
D:9:      layout_irregular_city, orc_0_dummy, chequers_serial_rivers_room_a,
          uniq_amaemon
D:10:     layout_irregular_city, minmay_misc_feat_hallway, uniq_harold
D:11:     layout_irregular_city, uniq_lodul
Lair:1:   gammafunk_worm_tunnel, layout_regular_city, basic_altar
Lair:2:   layout_long_grid, minmay_swamp_entry_swarm,
          hellmonk_spider_entry_life_and_decay, uniq_erica

Skill      XL: |  1  2  3  4  5  6  7  8  9 10 11 12 |
---------------+-------------------------------------+-----
Fighting       | 4 5 6 7 9 10 12 14 | 14.9
Axes           | 4 5 6 7 8 10 12 13 14 | 14.8
Armour         | 3 5 6 8 10 11 13 14 | 14.6
Dodging        | |  2.6

Action                     |  1- 3 |  4- 6 |  7- 9 | 10-12 || total
---------------------------+-------+-------+-------+-------++-------
  Melee: Hand axe          |    98 |     3 |       |       ||   101
         Headbutt          |    12 |     9 |    50 |   127 ||   198
         War axe           |       |   103 |   195 |   470 ||   768
         Punch             |       |     2 |     1 |     8 ||    11
         Scimitar          |       |       |       |    54 ||    54
 Invoke: Berserk           |       |     1 |     2 |    11 ||    14
    Use: Scroll            |     5 |     2 |     7 |     2 ||    16
         Potion            |       |       |       |     4 ||     4
 Armour: Animal skin       |     8 |       |       |       ||     8
         Ring mail         |    25 |     6 |       |       ||    31
         Plate armour      |       |    71 |   149 |   298 ||   518
  Dodge: Dodged            |    53 |    28 |    98 |   137 ||   316
  Block: Other             |       |       |    52 |    87 ||   139
         Reflection        |       |       |     2 |     1 ||     3
